Map: Thunderbird LE

Players

HellraiseR

  • Race: Protoss Protoss
  • Spawn Location: 11:00

Zest - Winner!

  • Race: Protoss Protoss
  • League: Master
  • Spawn Location: 5:00

Event: HomeStory Cup XX

VOD

Have the link to the VOD?

Description

Time

  • Played on: Nov. 22, 2019, 5:37 a.m.
  • Length: 7:53

All games in this series

Show
View Real Time Build Order
Export as new Build Order

HellraiseR Protoss 

Build Orders: Oracle Opening 

Get SALT Encoding   

  12  0:01  Probe  
  13  0:13  Probe  
  14  0:18  Pylon  
  14  0:24  Probe  
  15  0:32  Probe  
  15  0:38  Gateway  
  15  0:40  Probe  
  16  0:46  Assimilator  
  17  0:51  Probe  
  17  0:54  Assimilator  
  18  0:59  Probe  
  19  1:07  Probe, Gateway  
  19  1:18  Probe  
  20  1:25  Cybernetics Core  
  21  1:30  Probe  
  22  1:35  Pylon  
  22  1:42  Probe  
  24  1:54  Probe  
  24  2:02  Warp Gate, Adept x2  
  24  2:07  Probe  
  29  2:11  Pylon  
  29  2:31  Stargate  
  29  2:32  Adept  
  29  2:33  Adept  
  29  2:36  Probe  
  33  2:48  Probe  
  34  3:00  Probe  
  35  3:05  Pylon  
  35  3:06  Oracle  
  35  3:18  Probe  
  39  3:32  Nexus  
  39  3:34  Oracle  
  37  3:48  Shield Battery  
  40  3:50  Robotics Facility  
  40  3:57  Shield Battery  
  40  3:59  Sentry  
  40  4:01  Stalker  
  44  4:05  Shield Battery  
  44  4:06  Shield Battery  
  44  4:07  Pylon  
  44  4:10  Pylon  
  41  4:27  Stalker x2  
  45  4:31  Pylon  
  45  4:32  Immortal  
  49  4:46  Shield Battery  
  49  4:53  Stalker  
  51  5:03  Gateway  
  51  5:06  Warp Prism  
  53  5:36  Gateway  
  53  5:37  Gateway  
  53  5:44  Immortal  
  57  5:59  Sentry  
  57  6:01  Probe  
  60  6:08  Robotics Bay  
  60  6:21  Probe  
  60  6:24  Observer  
  60  6:43  Adept  
  60  6:44  Disruptor  
  60  6:47  Pylon  
  60  6:54  Pylon  
  60  7:00  Pylon  
  63  7:05  Adept x2, Probe  
  63  7:06  Adept  
  70  7:16  Disruptor  
  73  7:30  Nexus  
  73  7:45  Twilight Council  
Show
View Real Time Build Order
Export as new Build Order

Zest Protoss - Winner!

Build Orders:  

Get SALT Encoding   

  12  0:00  Probe  
  13  0:12  Probe  
  14  0:17  Pylon  
  14  0:24  Probe  
  15  0:32  Probe  
  15  0:36  Gateway  
  15  0:40  Probe  
  16  0:45  Assimilator  
  17  0:51  Probe  
  17  0:53  Assimilator  
  18  0:59  Probe  
  19  1:07  Probe, Gateway  
  19  1:17  Probe  
  20  1:23  Cybernetics Core  
  21  1:29  Probe  
  22  1:35  Pylon  
  22  1:41  Probe  
  23  1:50  Warp Gate  
  23  1:53  Probe  
  24  1:59  Stalker  
  24  2:00  Sentry  
  28  2:11  Pylon  
  28  2:23  Pylon  
  28  2:26  Stalker  
  30  2:35  Robotics Facility  
  30  2:42  Stalker  
  32  2:47  Gateway  
  32  2:56  Stalker  
  34  3:12  Pylon  
  34  3:15  Stalker  
  34  3:16  Warp Prism  
  36  3:44  Stalker x2  
  40  3:54  Stalker  
  42  4:02  Observer  
  43  4:04  Pylon  
  43  4:13  Probe  
  41  4:21  Probe  
  39  4:25  Stalker  
  39  4:30  Probe  
  42  4:38  Stalker, Sentry  
  45  4:41  Pylon  
  45  4:45  Probe  
  48  4:54  Adept  
  48  4:57  Probe  
  51  5:09  Probe  
  52  5:15  Observer  
  52  5:19  Stalker x2  
  56  5:26  Probe  
  56  5:31  Twilight Council  
  56  5:39  Sentry  
  58  5:48  Resonating Glaives  
  58  5:55  Nexus  
  58  6:21  Pylon  
  58  6:24  Adept x2  
  62  6:42  Observer  
  62  6:45  Adept x3  
  68  7:06  Stalker  
  70  7:09  Probe x2  
  70  7:15  Adept x2  
  74  7:19  Probe  
  76  7:23  Probe  
  78  7:33  Probe  
  78  7:35  Adept x3  
  84  7:38  Pylon  
  84  7:43  Pylon  
Tags
 
Add a new tag
Caveats
  • Supply blocks, unpowered buildings, or Contaminate may cause inaccurate times.
  • Supply counts are checked every 10 seconds.